 Dungeon Sprint DCSS version 0.26-a0-1086-g9010512d90 (webtiles) character file.

Game seed: 8007321776490111841

99 mhtbhm the Slinger (level 5, -4/36 HPs)
             Began as a Halfling Hunter on Dec 14, 2020.
             Killed by nerve-wracking pain
             ... invoked by a shadow imp
              (9 damage)
             ... in the Dungeon (Sprint IX: "|||||||||||||||||||||||||||||").
             The game lasted 00:00:31 (67 turns).

mhtbhm the Slinger (Halfling Hunter)                  Turns: 67, Time: 00:00:32

Health: -4/36      AC:  3    Str: 14    XL:     5   Next: 2%
Magic:  5/5        EV: 16    Int:  9    God:
Gold:   0          SH:  0    Dex: 15    Spells: 4/4 levels left

rFire    . . .     SeeInvis .   b - +0 short sword
rCold    . . .     Faith    .   (shield restricted)
rNeg     . . .     Spirit   .   c - +0 leather armour
rPois    .         Reflect  .   (no helmet)
rElec    .         Harm     .   (no cloak)
rCorr    .         Rampage  .   (no gloves)
Will     .....     NoTele   +   (no boots)
Stlth    ++........             (no amulet)
HPRegen  0.12/turn              (no ring)
MPRegen  0.09/turn              (no ring)

@: lethally poisoned (-4 -> -8), berserk cooldown, hasted and slowed
A: small, mutation resistance 1
a: no special abilities


You were in the Dungeon.
You visited 1 branch

Inventory:

Hand Weapons
 a - a +1 hunting sling
 b - a +0 short sword (weapon)
Missiles
 d - 18 sling bullets
 k - 3 stones (quivered)
Armour
 c - a +0 leather armour (worn)
Scrolls
 j - a scroll of blinking
Potions
 e - a potion of curing
 f - a potion of heal wounds
 h - 2 potions of magic


   Skills:
 + Level 3.1 Fighting
 + Level 0.9 Short Blades
 + Level 12.1 Slings
 + Level 1.5 Armour
 + Level 3.5 Dodging
 + Level 1.1 Stealth


You had 4 spell levels left.
You didn't know any spells.
Your spell library was empty.

Dungeon Overview and Level Annotations

Branches:
Dungeon (1/1)

Altars:


Innate Abilities, Weirdness & Mutations

You are small and have problems with some larger weapons.
You are somewhat resistant to further mutation.


Message History

You feel agile.
Unknown command.
You closely miss the adder. The adder barely misses you.
The shadow imp shouts, "Slither hence, thou puking fob-snatching tiler!"
You puncture the adder!
The adder is severely wounded.
The adder bites you.
* * * LOW HITPOINT WARNING * * *
You are poisoned.
The adder poisons you!
You puncture the adder!
You kill the adder!
You are no longer berserk.
You are exhausted.
You feel yourself slow down.
* * * LOW HITPOINT WARNING * * *
You feel sick. The shadow imp gestures at you. Pain shoots through your body!
You die...

▓.▓
▓.▓
▓.▓
▓)▓
▓)▓
▓.▓
▓.▓
▓.▓
▓@▓
▓†▓
▓5▓
▓o▓
▓5▓
▓.▓
▓.▓
▓+▓


You could see a white imp, a shadow imp and an orc.

Vanquished Creatures
  A sky beast (D)
  An adder (D)
  An ooze (D)
  A bat (D)
  A hobgoblin (D)
  A kobold (D)
  A rat (D)
7 creatures vanquished.

Notes
Turn   | Place    | Note
-------+----------+-------------------------------------------
     0 | D        | mhtbhm the Halfling Hunter began the quest for the Orb.
     0 | D        | Reached XP level 1. HP: 14/14 MP: 1/1
     6 | D        | Reached skill level 6 in Slings
    11 | D        | Reached skill level 7 in Slings
    15 | D        | Reached XP level 2. HP: 18/19 MP: 2/2
    29 | D        | Reached skill level 8 in Slings
    45 | D        | Noticed a sky beast
    64 | D        | Killed a sky beast
    65 | D        | Reached skill level 12 in Slings
    65 | D        | Reached skill level 1 in Armour
    65 | D        | Reached XP level 3. HP: 10/26 MP: 3/3
    65 | D        | Reached XP level 4. HP: 12/31 MP: 4/4
    65 | D        | Reached XP level 5. HP: 14/36 MP: 5/5
    67 | D        | Killed from afar by a shadow imp

Illustrated notes

Levels and vault maps discovered:
D:        linesprint [early_d, line_temple, items_1, d_10, items_2, lair_1,
          lair_end, items_3, orc_1, orc_end, items_4, d_15, swamp_1, shoals_1,
          snake_1, spider_1, d_20, vaults_1, items_5, swamp_end, shoals_end,
          snake_end, spider_end, vaults_end, d_27, items_6, zot_1, zot_end,
          crypt_end, forest_end, elf_end, slime_end, tomb_end, abyss_end,
          pan_hell_end]

Skill      XL: |  1  2 |
---------------+-------+-----
Slings         | 7 12 | 12.1
Fighting       | 2 3 |  3.1
Armour         | 1 |  1.5
Dodging        | 3 |  3.5
Short Blades   | |  0.9
Stealth        | |  1.1

Action                   |  1- 3 |  4- 6 || total
-------------------------+-------+-------++-------
Melee: Short sword       |    18 |     3 ||    21
 Fire: Hunting sling     |    20 |       ||    20
  Use: Potion            |     2 |       ||     2
Armor: Leather armour    |     3 |       ||     3
Dodge: Dodged            |    15 |     1 ||    16

Table legend: (Time is in decaauts)
 A = Elapsed time spent in this place.
 B = Non-inter-level travel time spent in this place.
 C = Inter-level travel time spent in this place.
 D = Time resting spent in this place.
 E = Time spent auto-exploring this place.
 F = Levels seen in this place.
 G = Mean time per level.
                   A        B        C        D        E       F      G
               +--------+--------+--------+--------+--------+-----+--------+
         Total |     57 |     57 |      0 |      2 |      3 |   1 |   57.0 |
       Dungeon |     57 |     57 |      0 |      2 |      3 |   1 |   57.0 |
               +--------+--------+--------+--------+--------+-----+--------+

Top non-repeatable levels by time:
       D: 57 daAuts
